 Dungeon Crawl Stone Soup version 0.27.1-4-g1640c2035a (webtiles) character file.

Game seed: 4914621354888807014

199 Descartes the Ducker (level 5, -1/24 HPs)
             Began as a Felid Warper on Nov 1, 2021.
             Slain by a phantom (7 damage)
             ... on level 4 of the Dungeon.
             The game lasted 00:07:00 (4605 turns).

Descartes the Ducker (Felid Warper)                 Turns: 4605, Time: 00:07:01

Health: -1/24      AC:  1    Str:  8    XL:     5   Next: 48%
Magic:  9/9        EV: 19    Int: 15    God:
Gold:   176        SH:  0    Dex: 17    Spells: 1/8 levels left
                                        Lives:  0   Deaths: 1

rFire    . . .     SeeInvis +     - Unarmed
rCold    . . .     Faith    .   (shield unavailable)
rNeg     . . .     Spirit   .   (armour unavailable)
rPois    .         Reflect  .   (helmet unavailable)
rElec    .         Harm     .   (cloak unavailable)
rCorr    .         Rampage  .   (gloves unavailable)
Will     .....                  (boots unavailable)
Stlth    ++........             (no amulet)
HPRegen  0.08/turn              (no ring)
MPRegen  0.11/turn              (no ring)

@: quick
A: very small, claws 1, fangs 3, see invisible, speed 1, shaggy fur 1, stealthy
paws, no weapons or thrown items, no armour, multi-lived, agile 1, noise
suppression
a: no special abilities


You were on level 4 of the Dungeon.
You visited 1 branch of the dungeon, and saw 4 of its levels.
You also visited: Sewer.

You collected 176 gold pieces.

Inventory:

Missiles
 b - 107 stones
Wands
 k - a wand of iceblast (10)
 l - a wand of paralysis (8)
Scrolls
 a - 2 scrolls of blinking
 d - 2 scrolls of teleportation
 h - a scroll of fog
 j - a scroll of fear {unknown}
Potions
 c - 3 potions of flight
 e - a potion of heal wounds
 f - a potion of haste {unknown}
 g - a potion of brilliance {unknown}
 i - a potion of lignification
 m - a potion of might {unknown}
 n - 2 potions of curing
 o - a potion of magic {unknown}


   Skills:
 + Level 3.0 Fighting
 - Level 5.0 Dodging
 + Level 3.0 Stealth
 + Level 4.4 Unarmed Combat
 - Level 2.0 Spellcasting
 + Level 4.4 Translocations


You had one spell level left.
You knew the following spells:

 Your Spells              Type           Power      Damage    Failure   Level
a - Blink                 Tloc           N/A        N/A       5%          2
b - Manifold Assault      Tloc           14%        N/A       71%         5

Your spell library contained the following spells:

 Spells                   Type           Power      Damage    Failure   Level
 Gell's Gravitas          Tloc           7%         N/A       11%         3
 Lesser Beckoning         Tloc           7%         N/A       11%         3
 Teleport Other           Tloc           14%        N/A       11%         3
 Passage of Golubria      Tloc           N/A        N/A       36%         4
 Tukima's Dance           Hex            1%         N/A       54%         3
 Yara's Violent Unravell  Hex/Tmut       0%         3d3       99%         5


Dungeon Overview and Level Annotations

Branches:
Dungeon (4/15)              Sewer (visited)
 Temple: D:4-7

Altars:


Innate Abilities, Weirdness & Mutations

You have sharp claws.
You have razor-sharp teeth.
You have supernaturally acute eyesight. (SInv)
You cover ground quickly. (Speed+)
You are covered in fur. (AC +1)
Your paws help you pounce on unaware monsters.
You are incapable of wielding weapons or throwing items.
You cannot wear armour.
You gain extra lives every three experience levels.
You are agile. (Dex +2)
You passively dampen the noise of your surroundings.


Message History

The orc closely misses you. The phantom hits you.
The phantom blinks!
You blink.
Found a stone staircase leading down.
You barely miss the phantom.
The phantom is lightly damaged.
The orc throws a stone.
The stone misses you. The phantom closely misses you.
You scratch the phantom.
The phantom is moderately damaged.
The phantom barely misses you.
You claw the phantom! Your bite misses the phantom.
The phantom is heavily damaged.
The phantom hits you!
The phantom blinks!
You blink.
You are too injured to fight recklessly!
You are too injured to fight recklessly!
You are too injured to fight recklessly!
You are too injured to fight recklessly!
You are too injured to fight recklessly!
You are too injured to fight recklessly!
You are too injured to fight recklessly!
You are too injured to fight recklessly!
You are too injured to fight recklessly!
You are too injured to fight recklessly!
You are too injured to fight recklessly!
You are too injured to fight recklessly!
You are too injured to fight recklessly!
You scratch the phantom.
The phantom is severely damaged.
The phantom barely misses you.
You closely miss the phantom.
The phantom is severely damaged.
The ball python bites you but does no damage.
The ball python completely misses you.
You scratch the phantom. You bite the phantom, but do no damage.
The phantom is almost destroyed.
The phantom hits you.
* * * LOW HITPOINT WARNING * * *
The phantom blinks!
You blink.
You barely miss the phantom. Your claw misses the phantom.
The phantom is almost destroyed.
The phantom hits you!
You die...

..##.....###.#...
...#......##.....
###..##............. . .
##§...#..........#...
.>..##§.o........##...#...
#.......#...###....#.....
###.#...S...##..######...
###....W......######...
#.##@..##....#.#.....
...#.................
#.......###.# ........
#..###### #...... #.#
###..#. ###.. #.... #....
#....


You could see a phantom, an orc and a ball python.

Vanquished Creatures
  A kobold brigand (Sewer)
  Robin (D:1)
  7 adders
  A gnoll (D:1)
  A river rat (Sewer)
  A worm (D:2)
  An orc (D:4)
  2 ball pythons
  6 endoplasms
  5 giant cockroaches
  9 goblins
  7 hobgoblins
  8 jackals
  3 quokkas (D:1)
  5 bats
  5 frilled lizards
  16 kobolds
  4 rats (Sewer)
83 creatures vanquished.

Notes
Turn   | Place    | Note
-------+----------+-------------------------------------------
     0 | D:1      | Descartes the Felid Warper began the quest for the Orb.
     0 | D:1      | Reached XP level 1. HP: 9/9 MP: 4/4
    82 | D:1      | Reached XP level 2. HP: 7/13 MP: 6/6
   293 | D:1      | Reached skill level 4 in Dodging
   612 | D:1      | Found a faded altar of an unknown god.
  1179 | D:1      | Reached XP level 3. HP: 16/16 MP: 7/7
  2148 | D:2      | Noticed Robin
  2400 | D:1      | Killed Robin
  2401 | D:1      | Reached XP level 4. HP: 9/19 MP: 8/8
  2844 | D:2      | Learned a level 2 spell: Blink
  2902 | D:3      | Reached skill level 5 in Dodging
  2986 | D:3      | Noticed an orc warrior
  2994 | D:3      | Killed from afar by an orc priest
  2995 | D:3      | Reached XP level 3. HP: -6/16 MP: 7/7
  3424 | D:3      | Reached skill level 1 in Stealth
  3518 | D:3      | Reached XP level 4. HP: 19/19 MP: 8/8
  3559 | D:4      | Found a glowing drain.
  3604 | Sewer    | Entered a sewer
  3913 | Sewer    | Noticed a kobold brigand
  3996 | Sewer    | Gained mutation: You tend to lose your temper in combat.
                  | [potion of mutation]
  3996 | Sewer    | Gained mutation: You are agile. (Dex +2) [potion of
                  | mutation]
  3996 | Sewer    | Lost mutation: You tend to lose your temper in combat.
                  | [potion of mutation]
  3996 | Sewer    | Gained mutation: You passively dampen the noise of your
                  | surroundings. [potion of mutation]
  4001 | Sewer    | Killed a kobold brigand
  4002 | Sewer    | Reached XP level 5. HP: 8/24 MP: 9/9
  4317 | Sewer    | Found a white marble altar of Elyvilon.
  4503 | D:4      | Learned a level 5 spell: Manifold Assault
  4579 | D:4      | Noticed a phantom
  4605 | D:4      | Slain by a phantom

Illustrated notes

Levels and vault maps discovered:
D:1:      sevenhm_arrival_forest_fort_large_2, layout_rooms,
          hellmonk_ecumenical_altar_run_dry
D:2:      layout_basic, uniq_robin
D:3:      layout_loops_ring, kennysheep_generic_room_8
D:4:      kennysheep_six_static_rooms, layout_cave_pools, lemuel_doored_altar,
          gup_sewer_entry_glass

Skill      XL: |  1  2  3  4  5 |
---------------+----------------+-----
Dodging        | 4 5 |  5.0
Unarmed Combat | 3 4 |  4.4
Stealth        | 1 2 3 |  3.0
Fighting       | 3 |  3.0
Spellcasting   | |  2.0
Translocations | |  4.4

Action                   |  1- 3 |  4- 6 || total
-------------------------+-------+-------++-------
Melee: Unarmed           |   168 |   137 ||   305
       Bite              |    13 |    11 ||    24
       Punch             |     2 |     2 ||     4
  Use: Scroll            |       |     3 ||     3
       Potion            |       |     3 ||     3
 Stab: Sleeping          |     3 |     2 ||     5
       Distracted        |     1 |       ||     1
Armor: Skin              |     6 |    24 ||    30
Dodge: Dodged            |   137 |   124 ||   261
